 Dungeon Crawl Stone Soup version 0.27-a0-660-g90476cec82 (webtiles) character file.

Game seed: 8845011309411985293

236 robertstho the Skirmisher (level 5, 0/75 HPs)
             Began as a Minotaur Berserker on Mar 16, 2021.
             Was a Believer of Trog.
             Slain by an orc wizard
             ... wielding a +0 dagger
              (4 damage)
             ... on level 3 of the Dungeon.
             The game lasted 00:02:30 (2706 turns).

robertstho the Skirmisher (Minotaur Berserker)      Turns: 2706, Time: 00:02:31

Health: 0/75       AC:  3    Str: 22    XL:     5   Next: 77%
Magic:  4/4        EV: 12    Int:  5    God:    Trog [**....]
Gold:   68         SH:  0    Dex:  9    Spells: 4/4 levels left

rFire    . . .     SeeInvis .   a - +0 hand axe
rCold    . . .     Faith    .   (no shield)
rNeg     . . .     Spirit   .   b - +0 animal skin
rPois    .         Reflect  .   (helmet restricted)
rElec    .         Harm     .   (no cloak)
rCorr    .         Rampage  .   d - +0 pair of gloves
Will     .....                  (no boots)
Stlth    ..........             (no amulet)
HPRegen  0.22/turn              (no ring)
MPRegen  0.09/turn              (no ring)

@: berserking, very quick
A: horns 2, retaliatory headbutt
a: Renounce Religion, Berserk, Trog's Hand


You were on level 3 of the Dungeon.
You worshipped Trog.
Trog was pleased with you.
You visited 1 branch of the dungeon, and saw 3 of its levels.

You collected 68 gold pieces.

Inventory:

Hand Weapons
 a - a +0 hand axe (weapon)
Armour
 b - a +0 animal skin (worn)
 d - a +0 pair of gloves (worn)
Jewellery
 m - a ring of resist corrosion
 n - a +6 ring of strength
Scrolls
 c - 6 scrolls of identify {unknown}
 f - 3 scrolls of magic mapping {unknown}
 g - a scroll of enchant weapon {unknown}
 h - a scroll of enchant armour {unknown}
 i - a scroll of teleportation {unknown}
 k - a scroll of immolation {unknown}
Potions
 e - 2 potions of curing {unknown}
 j - a potion of flight {unknown}
 l - a potion of cancellation {unknown}
 o - a potion of heal wounds {unknown}


   Skills:
 * Level 5.7 Fighting
 + Level 5.2 Axes
 * Level 3.5 Armour
 + Level 3.0 Dodging
 + Level 0.7 Stealth


You had 4 spell levels left.
You didn't know any spells.
Your spell library was empty.

Dungeon Overview and Level Annotations

Branches:
Dungeon (3/15)

Altars:
Fedhas
Qazlal


Innate Abilities, Weirdness & Mutations

You have a pair of horns on your head.
You reflexively headbutt those who attack you in melee.


Message History

There are monsters nearby!
A gnoll and an orc wizard come into view.
The gnoll shouts!
You hear a shout!
A goblin comes into view. It is wielding a +0 club.
The goblin shouts! 2 orcs come into view.
The orc shouts!
Found 13 sling bullets.
A gnoll comes into view. It is wielding a +0 spear.
The gnoll shouts!
The orc wizard casts a spell at you. The puff of flame hits you!
The quokka bites you.
You hit the quokka. Your headbutt misses the quokka.
The quokka is heavily wounded.
The quokka barely misses you. The gnoll closely misses you.
The quokka bites you. The gnoll barely misses you.
You miss the quokka.
The quokka is heavily wounded.
A hobgoblin comes into view. It is wielding a +0 club.
The quokka bites you but does no damage.
The gnoll closely misses you.
The gnoll hits you from afar with a +0 halberd!
The hobgoblin moves out of view.
A red film seems to cover your vision as you go berserk!
You feel yourself moving faster!
You feel mighty!
The orc wizard hits you with a +0 dagger.
The quokka barely misses you. The gnoll misses you.
The gnoll barely misses you.
You completely miss the orc wizard. You hit the gnoll. You hit the quokka.
The orc wizard hits you with a +0 dagger.
The quokka closely misses you.
You miss the orc wizard. You closely miss the quokka. You hit the gnoll.
The gnoll hits you from afar with a +0 halberd!
* * * LOW HITPOINT WARNING * * *
The gnoll closely misses you.
The quokka bites you but does no damage.
The gnoll hits you from afar with a +0 halberd!
* * * LOW HITPOINT WARNING * * *
The orc wizard hits you with a +0 dagger.
You die...

## .. . . #. #.
..##.### (
gg.g.# #
...##g#r###.###
....ogo@.......
#.####g..##.##.
#...##.#
#......#
#######..####
.........#
########.# #.#
#.# #


You could see an orc wizard, 4 gnolls, an orc, a quokka, a hobgoblin and a
goblin.

Vanquished Creatures
  An orc priest (D:2)
  Jessica (D:2)
  Natasha (thrice) (D:2)
  An orc wizard (D:2)
  An adder (D:2)
  2 worms (D:2)
  2 dart slugs
  3 leopard geckos
  5 orcs
  3 giant cockroaches
  4 hobgoblins
  2 jackals (D:2)
  12 bats
  3 frilled lizards (D:1)
  8 goblins
  3 kobolds
  8 rats
62 creatures vanquished.

Vanquished Creatures (others)
  A goblin (D:1)
  3 fungi (D:2)
  A plant (D:2)
5 creatures vanquished.

Grand Total: 67 creatures vanquished

Notes
Turn   | Place    | Note
-------+----------+-------------------------------------------
     0 | D:1      | robertstho the Minotaur Berserker began the quest for the
                  | Orb.
     0 | D:1      | Reached XP level 1. HP: 19/19 MP: 0/0
   224 | D:1      | Reached XP level 2. HP: 23/27 MP: 1/1
   969 | D:1      | Reached XP level 3. HP: 34/34 MP: 2/2
  1179 | D:2      | Noticed Natasha
  1188 | D:2      | Killed Natasha
  1544 | D:2      | Noticed Natasha
  1552 | D:2      | Killed Natasha
  1553 | D:2      | Reached XP level 4. HP: 28/41 MP: 3/3
  1741 | D:2      | Reached ** piety under Trog
  1742 | D:2      | Reached skill level 5 in Fighting
  1777 | D:2      | Reached XP level 5. HP: 23/48 MP: 4/4
  1957 | D:2      | Found a blossoming altar of Fedhas.
  1958 | D:2      | Found a stormy altar of Qazlal.
  1980 | D:2      | Noticed Jessica
  1983 | D:2      | Killed Jessica
  1984 | D:2      | Reached skill level 5 in Axes
  2094 | D:2      | Noticed Natasha
  2100 | D:2      | Killed Natasha
  2706 | D:3      | Slain by an orc wizard

Illustrated notes

Levels and vault maps discovered:
D:1:      dpeg_arrival_simpleton_c, layout_loops_corners, lemuel_old_faithful
D:2:      cheibrodos_pilgrimage, layout_basic,
          grunt_temple_overflow_forces_of_nature, uniq_jessica, uniq_natasha
D:3:      layout_loops_ring, serial_aquarium, aquarium_bridge_straight
          [aquarium_subvault_bridge, aquarium_subvault_window,
          aquarium_subvault_bridge, aquarium_subvault_wall],
          aquarium_window_corner, aquarium_window_double, aquarium_window_fake,
          aquarium_window_fake, aquarium_view_2e, aquarium_view_2b,
          aquarium_pool_2, due_unseen_surprise

Skill      XL: |  1  2  3  4  5 |
---------------+----------------+-----
Fighting       | 4 5 |  5.7
Axes           | 4 5 |  5.2
Armour         | 3 |  3.5
Dodging        | 3 |  3.0
Stealth        | |  0.7

Action                   |  1- 3 |  4- 6 || total
-------------------------+-------+-------++-------
Melee: Hand axe          |    73 |    64 ||   137
       Headbutt          |     6 |    13 ||    19
Invok: Berserk           |     2 |     1 ||     3
 Stab: Sleeping          |     1 |     1 ||     2
Armor: Animal skin       |    25 |    10 ||    35
Dodge: Dodged            |    61 |    42 ||   103

Table legend: (Time is in decaauts)
 A = Elapsed time spent in this place.
 B = Non-inter-level travel time spent in this place.
 C = Inter-level travel time spent in this place.
 D = Time resting spent in this place.
 E = Time spent auto-exploring this place.
 F = Levels seen in this place.
 G = Mean time per level.
                   A        B        C        D        E       F      G
               +--------+--------+--------+--------+--------+-----+--------+
         Total |   2739 |   2681 |     58 |    568 |   1755 |   3 |  913.0 |
       Dungeon |   2739 |   2681 |     58 |    568 |   1755 |   3 |  913.0 |
               +--------+--------+--------+--------+--------+-----+--------+

Top non-repeatable levels by time:
     D:1: 1260 daAuts
     D:2: 1248 daAuts
     D:3: 230 daAuts
